 Dungeon Crawl Stone Soup version 0.23.1 (webtiles) character file.

Game seed: 7788657890702362892

2713 Borgoz the Cutter (level 9, -1/74 HPs)
             Began as a Ghoul Enchanter on Mar 9, 2019.
             Was a Follower of Ashenzari.
             Slain by an orc warrior
             ... wielding a +0 halberd
              (22 damage)
             ... on level 8 of the Dungeon.
             The game lasted 00:16:05 (8752 turns).

Borgoz the Cutter (Ghoul Enchanter)                 Turns: 8752, Time: 00:16:06

Health: -1/74      AC:  7    Str: 13    XL:     9   Next: 66%
Magic:  7/13       EV: 13    Int: 10    God:    Ashenzari [*.....]
Gold:   266        SH:  0    Dex: 11    Spells: 8/14 levels left

rFire    . . .     SeeInvis .   o - +1 dagger (venom)
rCold    + . .     Gourm    .   (no shield)
rNeg     + + +     Faith    .   k - +3 leather armour of Joithr Ciami {*Drain rElec Stlth+}
rPois    ∞         Spirit   .   (no helmet)
rElec    +         Reflect  .   v - +0 cloak
rCorr    .         Harm     .   (no gloves)
MR       +....     Rnd*Tele +   (no boots)
Stlth    ++++......             x - amulet of regeneration
HPRegen  0.00/turn              m - ring of protection from magic
MPRegen  0.13/turn              a - ring of teleportation (curse)

@: very slightly contaminated, rotting
A: rotting body, claws 1, carnivore, cold resistance 1, negative energy
resistance 3, inhibited regeneration, torment resistance, unbreathing
a: Curse Item, Scrying, Renounce Religion


You were on level 8 of the Dungeon.
You worshipped Ashenzari.
Ashenzari was aware of your devotion.
You were not hungry.

You visited 2 branches of the dungeon, and saw 9 of its levels.
You also visited: Ossuary.

You collected 469 gold pieces.
You spent 203 gold pieces at shops.

Inventory:

Hand Weapons
 g - a +1 dagger of freezing
 o - a +1 dagger of venom (weapon)
 w - a +1 dagger of speed
 C - a +0 dagger of chaos
Missiles
 b - 13 tomahawks (quivered)
 f - 5 poisoned needles
Armour
 k - the +3 leather armour of Joithr Ciami (worn) {*Drain rElec Stlth+}
   (You bought it in a shop on level 5 of the Dungeon)

   It insulates you from electricity.
   It causes draining when unequipped.
   It makes you more stealthy.
 n - a +1 robe of magic resistance
 v - a +0 cloak (worn)
Jewellery
 a - a cursed ring of teleportation (right claw)
 i - an uncursed amulet of faith
 m - a ring of protection from magic (left claw)
 x - an amulet of regeneration (around neck)
Wands
 h - a wand of scattershot (7)
 t - a wand of iceblast (9)
Scrolls
 e - 6 scrolls of teleportation
 j - 8 scrolls of blinking
 p - 3 scrolls of fear
 q - a scroll of fog
 r - 3 scrolls of enchant armour
 s - 2 scrolls of enchant weapon
 y - a scroll of remove curse
Potions
 c - 4 potions of lignification
 l - a potion of brilliance
 u - 3 potions of curing
 z - 2 potions of berserk rage {unknown}
 A - a potion of might
 B - 2 potions of heal wounds
Comestibles
 d - 20 rations


   Skills:
 + Level 5.4 Fighting
 * Level 6.5 Short Blades
 + Level 4.4 Armour
 + Level 4.8 Dodging
 - Level 5.5 Stealth
 + Level 3.3 Spellcasting
 + Level 3.7 Hexes


You had 8 spell levels left.
You knew the following spells:

 Your Spells              Type           Power        Failure   Level  Hunger
a - Corona                Hex            #......      7%          1    #......
b - Ensorcelled Hibernat  Hex/Ice        #.....       24%         2    ###....
c - Confuse               Hex            #.......     22%         3    ###....

Your spell library contained the following spells:

 Spells                   Type           Power        Failure   Level  Hunger
 Tukima's Dance           Hex            #.......     22%         3    ###....
 Animate Skeleton         Necr           N/A          32%         1    #......
 Pain                     Necr           #...         32%         1    #......
 Dazzling Spray           Conj/Hex       #.....       43%         3    ###....
 Sticks to Snakes         Tmut           #.......     45%         2    ###....
 Regeneration             Chrm/Necr      #.........   69%         3    ###....
 Vampiric Draining        Necr           #.........   69%         3    ###....
 Animate Dead             Necr           N/A          97%         4    #####..
 Beastly Appendage        Tmut           Unusable     N/A         1    N/A
 Spider Form              Tmut/Pois      Unusable     N/A         3    N/A
 Ice Form                 Ice/Tmut       Unusable     N/A         4    N/A
 Blade Hands              Tmut           Unusable     N/A         5    N/A

Dungeon Overview and Level Annotations

Branches:
Dungeon (8/15)             Temple (1/1) D:7
   Lair: D:8-11

Altars:
Ashenzari
Cheibriados
Dithmenos
Elyvilon
Fedhas
Gozag
Hepliaklqana
Kikubaaqudgha
Makhleb
Nemelex Xobeh
Okawaru
Qazlal
Ru
Sif Muna
Trog
Uskayaw
Vehumet
Wu Jian
Xom
Yredelemnul
Zin
The Shining One

Shops:
D:5 [


Innate Abilities, Weirdness & Mutations

Your body is rotting away.
You thrive on raw meat.
You are immune to poison.
You have sharp fingernails.
You are carnivorous and can eat meat at any time.
Your flesh is cold resistant. (rC+)
You are immune to negative energy. (rN+++)
You do not regenerate when monsters are visible.
You are immune to unholy pain and torment.
You can survive without breathing.


Message History

The orc looks drowsy...
The helpless orc fails to defend itself.
You impale the orc!!
You kill the orc!
Casting: Ensorcelled Hibernation (safe; 24% risk of failure)
Confirm with . or Enter, or press ? or * to list all spells.
Aiming: Ensorcelled Hibernation (safe; 24% risk of failure)
Press: ? - help, Shift-Dir - straight line, f - adder
Aim: an adder (chance to defeat MR: 46%)
You miscast Ensorcelled Hibernation.
You are very lightly contaminated with residual magic.
Your skin tingles.
The adder closely misses you. The orc warrior closely misses you.
You hit the adder.
The adder is poisoned.
The adder is lightly wounded.
The adder barely misses you.
You miss the adder.
The adder is lightly wounded.
The orc warrior hits you from afar with a +0 halberd!!
You die...

##.###. . #.####.# #......
.## ##.###... #.?.S.# ..#
#.......# #.....# #.#
#.#.###.# .....# #.#
##........ . ..# #.#
#......... #.#.#
#.####..#.....>
.!###.#÷######......<#######
.........oS@..>....###
...#....#######...)#
#..........#############
#...#.........<..........
#.###...###..###########. .
###.# ##o.####### #.#
##........ #!. ######### #.#


You could see an orc warrior and an adder.

Vanquished Creatures
  Psyche (D:7)
  Sigmund (D:2)
  Grum (D:8)
  4 ice beasts (D:7)
  2 sky beasts
  A phantom (D:4)
  2 wolves
  An ogre (D:6)
  A crocodile (D:8)
  A bullfrog (D:6)
  A scorpion (D:4)
  A howler monkey (D:8)
  A crimson imp (D:5)
  A centaur zombie (Ossuary)
  3 human zombies (Ossuary)
  A quasit (D:7)
  An orc priest (D:4)
  2 jellies
  7 orc wizards
  Ijyb (D:4)
  6 worker ants
  A big kobold zombie (Ossuary)
  2 hound zombies
  3 mummies
  4 gnolls
  3 adders
  3 shadow imps
  4 worms
  3 dart slugs
  5 leopard geckos
  19 orcs
  2 ball pythons (D:2)
  8 bats
  7 giant cockroaches
  21 goblins
  6 hobgoblins
  6 kobolds
  2 quokkas
  3 frilled lizards
  7 hobgoblin zombies (Ossuary)
  4 jackal zombies (Ossuary)
  12 kobold zombies (Ossuary)
  A leopard gecko skeleton (D:4)
  9 orc zombies (Ossuary)
  10 rats
  A plant (D:1)
186 creatures vanquished.

Notes
Turn   | Place    | Note
-------+----------+-------------------------------------------
     0 | D:1      | Borgoz the Ghoul Enchanter began the quest for the Orb.
     0 | D:1      | Reached XP level 1. HP: 14/14 MP: 2/2
    35 | D:1      | Reached skill level 1 in Short Blades
    35 | D:1      | Reached XP level 2. HP: 3/22 MP: 1/3
   821 | D:1      | Reached XP level 3. HP: 22/27 MP: 4/4
  1009 | D:1      | Reached skill level 1 in Fighting
  1020 | D:1      | Learned a level 2 spell: Ensorcelled Hibernation
  1682 | D:2      | Reached skill level 1 in Armour
  1871 | D:2      | Noticed Sigmund
  1890 | D:2      | Killed Sigmund
  1890 | D:2      | Reached skill level 2 in Short Blades
  1890 | D:2      | Reached XP level 4. HP: 27/35 MP: 3/5
  1890 | D:2      | Reached XP level 5. HP: 31/40 MP: 3/6
  2100 | D:2      | Reached skill level 3 in Short Blades
  2355 | D:2      | Reached XP level 6. HP: 43/48 MP: 7/7
  2828 | D:3      | Found an opulent altar of Gozag.
  3457 | D:4      | Noticed Ijyb
  3471 | D:4      | Killed Ijyb
  3908 | D:4      | Reached XP level 7. HP: 42/56 MP: 8/8
  4154 | D:4      | Found an opulent altar of Gozag.
  4183 | D:4      | Found a shadowy altar of Dithmenos.
  4392 | D:4      | Reached skill level 5 in Stealth
  4774 | D:4      | Reached skill level 4 in Short Blades
  4944 | D:5      | Entered Level 5 of the Dungeon
  5014 | D:5      | Found Hutaqiss's Antique Armour Boutique.
  5030 | D:5      | Bought a pitted leather armour for 203 gold pieces
  5040 | D:5      | Identified the +3 leather armour of Joithr Ciami {*Drain
                  | rElec Stlth+} (You bought it in a shop on level 5 of the
                  | Dungeon)
  5077 | D:5      | Learned a level 3 spell: Confuse
  5219 | D:5      | Found a shattered altar of Ashenzari.
  5259 | D:5      | Became a worshipper of Ashenzari the Shackled
  5531 | D:6      | Reached XP level 8. HP: 50/66 MP: 9/9
  6144 | D:6      | Found a deep blue altar of Sif Muna.
  6508 | D:6      | Found an ornate altar of the Wu Jian Council.
  6570 | D:6      | Reached skill level 5 in Short Blades
  6909 | D:7      | Reached * piety under Ashenzari
  7074 | D:7      | Found a sand-covered staircase.
  7082 | Ossuary  | Entered an ossuary
  7260 | Ossuary  | Reached XP level 9. HP: 51/70 MP: 11/11
  7454 | D:7      | Found a hide-covered altar of Uskayaw.
  7458 | D:7      | Found a sparkling altar of Nemelex Xobeh.
  7851 | D:7      | Found a staircase to the Ecumenical Temple.
  7923 | Temple   | Entered the Ecumenical Temple
  8092 | D:8      | Noticed Psyche
  8098 | D:8      | Noticed Grum
  8113 | D:7      | Killed Psyche
  8113 | D:7      | Reached skill level 5 in Fighting
  8113 | D:7      | Reached skill level 6 in Short Blades
  8746 | D:8      | Killed Grum
  8752 | D:8      | Slain by an orc warrior

Skill      XL: |  1  2  3  4  5  6  7  8  9 |
---------------+----------------------------+-----
Short Blades   | 1 2 3 4 5 6 |  6.5
Dodging        | 2 3 4 |  4.8
Fighting       | 2 3 4 5 |  5.4
Armour         | 1 2 3 4 |  4.4
Stealth        | 4 5 |  5.5
Spellcasting   | 2 3 |  3.3
Hexes          | 3 |  3.7

Action                   |  1- 3 |  4- 6 |  7- 9 || total
-------------------------+-------+-------+-------++-------
Melee: Dagger            |   246 |   154 |   547 ||   947
 Cast: Corona            |     2 |       |       ||     2
       Ensorcelled Hiber |     4 |     3 |     5 ||    12
       Confuse           |       |       |    11 ||    11
  Use: Scroll            |     5 |     3 |     5 ||    13
       Potion            |     1 |     1 |     6 ||     8
 Stab: Sleeping          |     3 |     6 |    21 ||    30
       Invisible         |       |       |     1 ||     1
       Confused          |       |       |     2 ||     2
  Eat: Chunk             |     9 |     8 |    17 ||    34
       Ration            |       |       |     1 ||     1
Armor: Robe              |    74 |    28 |    16 ||   118
       Leather armour    |       |       |   121 ||   121
Dodge: Dodged            |   160 |    58 |   255 ||   473
